 Dungeon Crawl Stone Soup version 0.21.1-1-g345015f (webtiles) character file.

49 suicidejoker the Insei (level 3, -1/23 HPs)
             Began as an Octopode Transmuter on Mar 31, 2018.
             Slain by a gnoll
             ... wielding a +0 spear
              (11 damage)
             ... on level 2 of the Dungeon.
             The game lasted 00:01:28 (1189 turns).

suicidejoker the Insei (Octopode Transmuter)        Turns: 1189, Time: 00:01:28

Health: -1/23      AC:  1    Str: 14    XL:     3   Next: 77%
Magic:  6/6        EV: 14    Int: 15    God:
Gold:   53         SH:  0    Dex: 17    Spells: 5/6 levels left

rFire    . . .     SeeInvis .     - Unarmed
rCold    . . .     Gourm    .   (no shield)
rNeg     . . .     Faith    .   (helmet restricted)
rPois    .         Spirit   .   (no amulet)
rElec    .         Reflect  .   i - +4 ring of dexterity
rCorr    .         Harm     .   (no ring)
MR       .....                  (no ring)
Stlth    +++.......             (no ring)
HPRegen  0.07/turn              (no ring)
MPRegen  0.10/turn              (no ring)
                                (no ring)
                                (no ring)

@: mighty
A: almost no armour, stealthy swim, amphibious, 8 rings, constrict 8, camouflage
1, gelatinous body 1
a: no special abilities


You were on level 2 of the Dungeon.
You were hungry.

You visited 1 branch of the dungeon, and saw 2 of its levels.

You collected 53 gold pieces.

Inventory:

Missiles
 a - 29 arrows
 f - a throwing net (quivered)
 g - 90 stones
 h - 38 bolts
 o - 9 poisoned needles
 p - 27 sling bullets
Jewellery
 i - a +4 ring of dexterity (left tentacle)
Scrolls
 d - a scroll of immolation {unknown}
 e - 2 scrolls of magic mapping {unknown}
 j - a scroll of fog {unknown}
 l - 3 scrolls of identify {unknown}
 n - a scroll of random uselessness {unknown}
 q - a scroll of fear {unknown}
Books
 b - a book of Changes

   Spells                             Type                      Level
   a - Beastly Appendage              Transmutation                1
   b - Sticks to Snakes               Transmutation                2
   c - Spider Form                    Transmutation/Poison         3
   d - Ice Form                       Ice/Transmutation            4
   e - Blade Hands                    Transmutation                5
Comestibles
 c - 4 rations


   Skills:
 + Level 1.3 Fighting
 + Level 2.2 Dodging
 * Level 2.1 Stealth
 * Level 3.4 Unarmed Combat
 * Level 2.3 Spellcasting
 * Level 2.3 Transmutations


You had 5 spell levels left.
You knew the following spells:

 Your Spells              Type           Power        Failure   Level  Hunger
a - Beastly Appendage     Tmut           #.....       9%          1    #......


Dungeon Overview and Level Annotations

Branches:
Dungeon (2/15)

Altars:


Innate Abilities, Weirdness & Mutations

You cannot wear most types of armour.
You are very stealthy in the water. (Stealth+)
You are amphibious.
You can wear up to eight rings at the same time.
You can use your tentacles to constrict eight enemies at once.
Your skin changes colour to match your surroundings (Stealth+).
Your rubbery body absorbs attacks. (AC +1, EV +1)


Message History

You kill the jackal!
A gnoll comes into view. It is wielding a spear.
Things that are here:
a jackal corpse x2
A gnoll comes into view. It is wielding a flail.
A bat comes into view.
The gnoll shouts! x2; You hear a shout!
The jackal barks!
You bludgeon the gnoll! You grab the gnoll.
You kill the gnoll!
The bat closely misses you.
The gnoll hits you from afar with a spear.
You tentacle-slap the bat.
You kill the bat!
The gnoll hits you from afar with a spear!
A gnoll comes into view. It is wielding a whip.
You tentacle-slap the gnoll. Your grab misses the gnoll.
The gnoll is moderately wounded.
The gnoll misses you.
The gnoll hits you from afar with a spear!
You die...

### >.# ... # #.######
... #.g....# ###
.....###.#...###.#
..##...hg@.g...#.#.#
.../...####..).....####
.....(. #.##........#
#..... #.##.#.#.##.#
.....## #†##.#......#
....###..#.##...#.# #
#h.##............#
#...#..##.#........###
.......h...#.#.#..#.#


You could see 3 gnolls and a jackal.

Vanquished Creatures
  A gnoll (D:2)
  A leopard gecko (D:2)
  3 giant cockroaches
  8 goblins (D:1)
  7 jackals
  4 bats
  2 frilled lizards (D:1)
  8 kobolds
34 creatures vanquished.

Notes
Turn   | Place    | Note
-------+----------+-------------------------------------------
     0 | D:1      | suicidejoker the Octopode Transmuter began the quest for the Orb.
     0 | D:1      | Reached XP level 1. HP: 13/13 MP: 3/3
    53 | D:1      | Reached XP level 2. HP: 13/18 MP: 5/5
   170 | D:1      | Reached skill level 1 in Stealth
   517 | D:1      | Reached XP level 3. HP: 17/23 MP: 6/6
  1189 | D:2      | Slain by a gnoll

Skill      XL: |  1  2  3 |
---------------+----------+-----
Stealth        | 1 2 |  2.1
Fighting       | |  1.3
Dodging        | |  2.2
Unarmed Combat | |  3.4
Spellcasting   | |  2.3
Transmutations | |  2.3

Action                   || total
-------------------------++-------
Melee: Unarmed           ||    69
       Constrict         ||    23
       Tentacles         ||    12
       Punch             ||     1
  Use: Potion            ||     2
 Stab: Sleeping          ||     3
Armor: Skin              ||     7
Dodge: Dodged            ||    43
